 Dungeon Crawl Stone Soup version 0.23.2-11-gf996548 (webtiles) character file.

Game seed: 6631255836665675318

1182 Fang the Skirmisher (level 8, -6/76 HPs)
             Began as a Gargoyle Berserker on June 3, 2019.
             Was an Elder of Trog.
             Mangled by a yak (8 damage)
             ... on level 5 of the Dungeon.
             The game lasted 00:03:26 (3950 turns).

Fang the Skirmisher (Gargoyle Berserker)            Turns: 3950, Time: 00:03:27

Health: -6/76      AC: 15    Str: 27    XL:     8   Next: 42%
Magic:  0/8        EV: 14    Int:  9    God:    Trog [****..]
Gold:   246        SH:  0    Dex:  9    Spells: 7/7 levels left

rFire    . . .     SeeInvis .   a - +0 war axe
rCold    . . .     Gourm    .   (no shield)
rNeg     + . .     Faith    .   b - +0 chain mail
rPois    ∞         Spirit   +   (no helmet)
rElec    +         Reflect  .   (no cloak)
rCorr    +         Harm     .   (no gloves)
MR       .....                  (no boots)
Stlth    ..........             k - amulet of guardian spirit
HPRegen  0.22/turn              q - +4 ring of evasion
MPRegen  0.11/turn              n - ring of resist corrosion

@: berserking (expiring), very quick
A: negative energy resistance 1, electricity resistance, unbreathing,
petrification resistance, rot immunity, AC +5
a: Berserk, Trog's Hand, Brothers in Arms, Renounce Religion


You were on level 5 of the Dungeon.
You worshipped Trog.
Trog was greatly pleased with you.
You were very hungry.

You visited 1 branch of the dungeon, and saw 5 of its levels.

You collected 246 gold pieces.

Inventory:

Hand Weapons
 a - a +0 war axe (weapon)
Armour
 b - a +0 chain mail (worn)
Jewellery
 d - a +2 ring of intelligence
 k - an amulet of guardian spirit (around neck)
 n - a ring of resist corrosion (right hand)
 q - a +4 ring of evasion (left hand)
 r - an uncursed amulet of regeneration {unknown}
Scrolls
 e - 2 scrolls of amnesia {unknown}
 f - 2 scrolls of blinking {unknown}
 h - 7 scrolls of identify {unknown}
 i - a scroll of noise {unknown}
 l - 3 scrolls of remove curse {unknown}
 t - a scroll of fear {unknown}
 w - a scroll of immolation {unknown}
 x - a scroll of magic mapping {unknown}
Potions
 g - 2 potions of agility {unknown}
 j - a potion of heal wounds {unknown}
 m - 2 potions of curing
 o - a potion of might {unknown}
 p - a potion of resistance {unknown}
 s - a potion of degeneration {unknown}
 u - a potion of ambrosia {unknown}
Comestibles
 c - 9 rations
 v - 2 chunks of flesh


   Skills:
 + Level 6.2 Fighting
 + Level 5.2 Axes
 + Level 5.7 Armour
 + Level 4.3 Dodging


You had 7 spell levels left.
You didn't know any spells.
Your spell library was empty.

Dungeon Overview and Level Annotations

Branches:
Dungeon (5/15)
 Temple: D:4-7

Altars:
The Shining One


Innate Abilities, Weirdness & Mutations

You are resistant to torment.
Your stone body is resilient. (AC +5)
You are immune to poison.
You resist negative energy. (rN+)
You are resistant to electric shocks. (rElec)
You can survive without breathing.
You are immune to petrification.
You are immune to rotting.


Message History

Your chain mail prevents you from hitting the yak.
The yak gores you.
* * * LOW HITPOINT WARNING * * *
You completely miss the yak.
The yak is almost dead.
You hit the yak. The yak closely misses you.
You closely miss the yak.
The yak is almost dead.
You barely miss the yak. The yak gores you!
* * * LOW HITPOINT WARNING * * *
The yak gores you.
* * * LOW HITPOINT WARNING * * *
You hit the yak.
The yak is almost dead.
You hit the yak.
You feel the power of Trog in you as your rage grows.
You kill the yak!
Trog accepts your kill. The yak gores you!
You die...

###...##
.. #8...8#
####.
##...##
.... #...#
...
##...## Oa
#⌠...⌠#
#.###...##
#YY##..)#
#@##...##
#.#8...8#
#.##...##
#...[..#
########


You could see 2 yaks, an ogre and a worker ant.

Vanquished Creatures
  2 yaks (D:5)
  A sky beast (D:5)
  2 ogres (D:4)
  A phantom (D:4)
  2 scorpions
  A howler monkey (D:4)
  An orc priest (D:4)
  2 iguanas (D:4)
  3 worker ants (D:4)
  11 gnolls
  6 adders
  An adder skeleton (D:4)
  2 worms
  4 leopard geckos
  8 orcs
  A ball python (D:1)
  8 bats
  5 giant cockroaches
  8 goblins
  9 hobgoblins
  4 jackals
  2 quokkas
  2 frilled lizards (D:2)
  A jackal skeleton (D:4)
  6 kobolds
  10 rats
103 creatures vanquished.

Notes
Turn   | Place    | Note
-------+----------+-------------------------------------------
     0 | D:1      | Fang the Gargoyle Berserker began the quest for the Orb.
     0 | D:1      | Reached XP level 1. HP: 14/14 MP: 1/1
    86 | D:1      | Reached XP level 2. HP: 11/19 MP: 2/2
   732 | D:2      | Reached XP level 3. HP: 18/24 MP: 3/3
   832 | D:2      | Reached ** piety under Trog
  1064 | D:2      | Reached XP level 4. HP: 29/29 MP: 4/4
  1093 | D:2      | Reached skill level 4 in Fighting
  1382 | D:2      | Reached XP level 5. HP: 33/33 MP: 3/5
  1736 | D:3      | Found a glowing golden altar of the Shining One.
  2394 | D:3      | Found a faded altar of an unknown god.
  2529 | D:4      | Reached *** piety under Trog
  2671 | D:4      | Noticed a phantom
  2675 | D:4      | Reached XP level 6. HP: 39/39 MP: 4/6
  2682 | D:4      | Killed a phantom
  2846 | D:4      | Reached skill level 5 in Fighting
  2911 | D:4      | Reached XP level 7. HP: 30/44 MP: 4/7
  3202 | D:4      | Reached skill level 5 in Armour
  3875 | D:5      | Entered Level 5 of the Dungeon
  3907 | D:5      | Reached XP level 8. HP: 51/51 MP: 6/8
  3925 | D:5      | Noticed a yak
  3927 | D:5      | Noticed a yak
  3928 | D:5      | Noticed a yak
  3928 | D:5      | Noticed a yak
  3930 | D:5      | Noticed a yak
  3943 | D:5      | Killed a yak
  3943 | D:5      | Reached **** piety under Trog
  3943 | D:5      | Reached skill level 6 in Fighting
  3943 | D:5      | Reached skill level 5 in Axes
  3949 | D:5      | HP: 1/76 [yak (5)]
  3950 | D:5      | Killed a yak
  3950 | D:5      | Mangled by a yak

Skill      XL: |  1  2  3  4  5  6  7  8 |
---------------+-------------------------+-----
Axes           | 3 4 5 |  5.2
Dodging        | 2 3 4 |  4.3
Fighting       | 4 5 6 |  6.2
Armour         | 3 4 5 |  5.7

Action                   |  1- 3 |  4- 6 |  7- 9 || total
-------------------------+-------+-------+-------++-------
Melee: Hand axe          |    96 |   107 |       ||   203
       War axe           |       |    38 |   138 ||   176
Invok: Berserk           |       |     4 |     2 ||     6
 Stab: Sleeping          |       |     1 |       ||     1
  Eat: Chunk             |     1 |     9 |     4 ||    14
Armor: Animal skin       |    35 |    54 |     2 ||    91
       Chain mail        |       |       |    57 ||    57
Dodge: Dodged            |    65 |   109 |   118 ||   292
